 Dungeon Crawl Stone Soup version 0.21-a0-504-g2eda330 (webtiles) character file.

399768 mortelune the Warrior (level 23, -8/155 HPs)
             Began as a Gargoyle Fighter on Nov 26, 2017.
             Was a High Priest of Okawaru.
             Killed by Lee's Rapid Deconstruction
             ... invoked by a deep troll earth mage
              (19 damage)
             ... on level 3 of the Depths on Nov 27, 2017.
             The game lasted 03:18:53 (51059 turns).

mortelune the Warrior (Gargoyle Fighter)           Turns: 51059, Time: 03:18:54

Health: -8/155     AC: 62    Str: 31      XL:     23   Next: 27%
Magic:  0/34       EV: 14    Int:  8 (9)  God:    Okawaru [*****.]
Gold:   1355       SH: 20    Dex: 10      Spells: 35/37 levels left

rFire    + + +     SeeInvis +   S - +9 morningstar of Insomnia {drain, Str+4}
rCold    + . .     Gourm    .   c - +2 shield {rF+}
rNeg     + . .     Faith    .   t - +9 plate armour "Zizuxkewk" {MR+}
rPois    ∞         Spirit   +   W - +2 helmet {SInv}
rElec    +         Reflect  .   U - scarf {rC+ rF+}
rCorr    .         Harm     .   Z - +1 pair of gloves {archery}
MR       ++...                  Q - +2 pair of boots
Stlth    ..........             m - amulet of guardian spirit
HPRegen  0.35/turn              P - +5 ring of slaying
MPRegen  0.24/turn              w - ring of Law {+Fly rF+ AC+3 Stlth+}

@: heroism, finesse, flying, very slightly contaminated
A: big wings, dopey 1, negative energy resistance 1, electricity resistance,
unbreathing, petrification resistance, rot immunity, subdued magic 1, AC +17
}: 2/15 runes: decaying, gossamer
a: Stop Flying, Heroism, Finesse, Renounce Religion


You were on level 3 of the Depths.
You worshipped Okawaru.
Okawaru was extremely pleased with you.
You were not hungry.

You visited 7 branches of the dungeon, and saw 38 of its levels.
You also visited: Trove, Ossuary and Ice Cave.

You collected 4401 gold pieces.
You spent 3046 gold pieces at shops.

Inventory:

Hand Weapons
 s - a +5 hand crossbow of flaming
 M - the +3 demon whip of Slime {freeze, rN+ Dex+4 Stlth-}
   (Okawaru gifted it to you on level 6 of the Lair of Beasts)

   It has been specially enchanted to freeze those struck by it, causing extra
   injury to most foes and up to half again as much damage against particularly
   susceptible opponents.
   It can also slow down cold-blooded creatures.
   It affects your dexterity (+4).
   It protects you from negative energy.
   It makes you less stealthy.
 S - the +9 morningstar of Insomnia (weapon) {drain, Str+4}
   (You took it off a tengu warrior on level 15 of the Dungeon)

   A truly terrible weapon, it drains the life of those it strikes.
   It affects your strength (+4).
Armour
 c - a +2 shield of fire resistance (worn)
 p - a +0 large shield of reflection
 t - the +9 plate armour "Zizuxkewk" (worn) {MR+}
   (Okawaru gifted it to you on level 4 of the Spider Nest)

   It affects your resistance to hostile enchantments.
 Q - a +2 pair of boots (worn)
 U - a scarf of resistance (worn)
 W - a +2 helmet of see invisible (worn)
 Z - a +1 pair of gloves of archery (worn)
Jewellery
 m - an amulet of guardian spirit (around neck)
 w - the ring of Law (right hand) {+Fly rF+ AC+3 Stlth+}
   (You found it in a treasure trove)

   [ring of protection]

   It affects your AC (+3).
   It protects you from fire.
   It lets you fly.
   It makes you more stealthy.
 O - the ring "Fapsoahu" {Wiz rPois rF+ rC-}
   (You found it in a treasure trove)

   [ring of wizardry]

   It improves your spell success rate.
   It protects you from fire.
   It makes you vulnerable to cold.
   It protects you from poison.
 P - a +5 ring of slaying (left hand)
Wands
 b - a wand of enslavement (32)
 j - a wand of iceblast (37)
 l - a wand of paralysis (11)
 C - a wand of acid (63)
 G - a wand of polymorph (26)
 N - a wand of digging (26)
Scrolls
 a - 6 scrolls of fog
 e - 13 scrolls of teleportation
 h - 6 scrolls of enchant armour
 k - 8 scrolls of fear
 q - 2 scrolls of silence
 u - 11 scrolls of remove curse
 y - 4 scrolls of immolation
 D - 4 scrolls of magic mapping
 E - 9 scrolls of enchant weapon
 H - 15 scrolls of identify
Potions
 d - 3 potions of might
 g - a potion of invisibility
 n - 2 potions of heal wounds
 o - 2 potions of cancellation
 v - 6 potions of resistance
 x - 6 potions of ambrosia
 z - 23 potions of curing
 A - 6 potions of mutation
 I - 2 potions of magic
 L - 2 potions of agility
 T - 4 potions of haste
 X - a potion of berserk rage
 Y - a potion of brilliance
Comestibles
 f - 17 bread rations
 i - 9 chunks of flesh
 r - 19 meat rations
 F - 13 royal jellies
 K - 51 fruits


   Skills:
 + Level 19.5(24.5) Fighting
 + Level 19.0(24.0) Maces & Flails
 + Level 19.5(24.5) Armour
 + Level 5.9(10.9) Dodging
 * Level 18.0(23.0) Shields
 - Level 7.9 Spellcasting
 - Level 7.8 Translocations
 - Level 8.0 Invocations
 + Level 10.3 Evocations


You had 35 spell levels left.
You knew the following spells:

 Your Spells              Type           Power        Failure   Level  Hunger
a - Blink                 Tloc           N/A          2%          2    ##.....


Dungeon Overview and Level Annotations

Branches:
Dungeon (15/15)            Temple (0/1) D:6            Lair (6/6) D:8
  Swamp (4/4) Lair:2       Spider (4/4) Lair:3        Slime (0/5) Lair:5
    Orc (2/2) D:10            Elf (0/3) Orc:2        Vaults (4/5) D:14
  Crypt (0/3) Vaults:2     Depths (3/5) D:15

Altars:
Ashenzari
Dithmenos
Gozag
Kikubaaqudgha
Okawaru
Ru
Wu Jian
Xom
Yredelemnul
Jiyva
Lugonu

Shops:
D:4 *   D:7 [   D:8 (   D:9 [   D:15 (   Orc:2 :%*%   Vaults:4 *

Portals:
Hell: Depths:1 Depths:2
Ziggurat: Depths:3


Innate Abilities, Weirdness & Mutations

You are resistant to torment.
Your stone body is resilient. (AC +17)
You are immune to poison.
Your large and strong wings let you fly indefinitely.
You resist negative energy. (rN+)
You are resistant to electric shocks. (rElec)
You can survive without breathing.
You are immune to petrification.
You are immune to rotting.
You are dopey. (Int -2)
Your spells are a little easier to cast, but a little less powerful.


Message History

The spriggan air mage waves its arms in wide circles.
The air twists around and violently strikes you in flight!
There is an open door here.
The spriggan air mage waves its arms in wide circles.
The air twists around and violently strikes you in flight!
* * * LOW HITPOINT WARNING * * *
You hear a grinding noise.
The deep troll shaman calls upon its god to strengthen the deep troll earth mage.
The deep troll earth mage seems to grow stronger.
You block the spriggan air mage's attack.
A deep troll comes into view.
The deep troll shouts!
A deep troll comes into view.
Blink to where?
Press: ? - help, Dir - move target cursor
As you read the scroll of blinking, it crumbles to dust.
A deep troll comes into view.
The deep troll earth mage casts a spell at you.
You shatter!
You die...

#.. #.# #. #####.#
#.##.# #.##.....# #.##.#
#...≈≈≈..# #.##.#
##..≈≈≈≈..# #.##.#
#..≈§≈≈≈≈≈##### #(#..#
#..≈§§§≈≈.....' #.##.#
#.≈≈§§≈≈...# ##(##..
#.§≈§§≈@§..#
...##.#.##.§≈≈≈≈≈...#
##.(.....§T.≈≈§§≈§.##
..(##.##.i#.≈≈§§≈..#
.####.##'#.#T≈§.T#'###+#
.####.#u...T....T.......
.u.u..........T....(..##
#u########............#
# #.....'............#


You could see 4 deep trolls, a spriggan air mage, a deep troll earth mage and a
deep troll shaman.

Vanquished Creatures
  Frederick (Vaults:4)
  Xtahua (Vaults:4)
  Rupert (D:14)
  2 quicksilver dragons (Vaults:4)
  2 acid blobs (Lair:5)
  2 liches (Depths:2)
  3 thorn hunters
  2 sphinxes
  Agnes (D:15)
  Donald (Swamp:1)
  A storm dragon (Vaults:4)
  4 tengu reavers
  Roxanne (D:15)
  10 vault wardens
  A deep elf sorcerer (Vaults:1)
  A frost giant (shapeshifter) (Depths:1)
  5 ghost moths
  13 fire giants
  3 frost giants
  An orc warlord (Vaults:4)
  Aizul (Vaults:1)
  An iron dragon (Depths:1)
  7 emperor scorpions
  A ghoul (Vaults:4)
  10 ironheart preservers
  3 entropy weavers
  21 very ugly things
  A vampire knight (Depths:1)
  7 stone giants
  A purple draconian (Vaults:4)
  5 spark wasps
  Snorg (Lair:6)
  A blizzard demon (IceCv)
  An eidolon (Vaults:2)
  7 ettins
  8 ogre magi
  Josephine (Orc:2)
  6 great orbs of eyes
  A fire dragon (Lair:6)
  29 hydras
  4 rakshasas
  5 yaktaur captains
  8 ice dragons
  17 vault guards
  A ghost crab (Swamp:3)
  10 alligators
  8 centaur warriors
  30 two-headed ogres
  3 death knights
  A two-headed ogre (shapeshifter) (D:15)
  A dancing weapon (Vaults:3)
  8 death scarabs (Spider:4)
  10 deep troll earth magi
  A queen ant (shapeshifter) (Depths:2)
  12 deep troll shamans
  3 death yaks (D:7)
  A soul eater (Vaults:2)
  3 spriggan berserkers
  12 tengu warriors
  Sonja (Lair:2)
  6 deep elf knights
  5 iron trolls
  A shadow wraith (Vaults:3)
  13 skeletal warriors
  6 spriggans
  The ghost of Vidiiot the Martial Artist, a novice GnGl of Cheibriados (D:12)
  4 swamp dragons
  5 unseen horrors
  33 deep trolls
  A swamp dragon (shapeshifter) (Vaults:4)
  3 deep elf archers
  A lindwurm (Lair:6)
  3 glowing orange brains
  A flayed ghost (Vaults:4)
  A harpy (shapeshifter) (Vaults:1)
  15 orb spiders
  15 ironbrand convokers
  3 spectral wolf spiders (Spider:4)
  16 orc knights
  4 wizards
  5 harpies (Vaults:2)
  2 necromancers
  3 wolf spider zombies (Spider:4)
  A tengu zombie (Vaults:3)
  3 orc sorcerers
  A phantasmal warrior (Vaults:3)
  24 wolf spiders
  62 ugly things
  4 oklob plants (Lair:3)
  A tengu skeleton (Vaults:3)
  A shining eye (shapeshifter) (Depths:1)
  A fire giant zombie (Vaults:3)
  12 deep elf magi
  4 manticores
  5 black mambas
  3 moths of wrath
  11 cyclopes
  8 elephants
  A rust devil (Depths:2)
  A water nymph (shapeshifter) (Vaults:4)
  14 vault sentinels
  A torpor snail (Spider:2)
  3 molten gargoyles (Lair:6)
  A spiny frog (shapeshifter) (Vaults:1)
  4 spectral redbacks (Spider:4)
  2 ice statues (IceCv)
  24 spiny frogs
  2 gargoyles
  A komodo dragon (shapeshifter) (Depths:1)
  3 rime drakes
  37 yaktaurs
  4 redback zombies
  3 efreet (D:15)
  5 kobold demonologists
  9 demonic crawlers
  14 ice devils (IceCv)
  4 freezing wraiths
  8 komodo dragons
  A yaktaur (shapeshifter) (Vaults:1)
  A merfolk (shapeshifter) (Vaults:3)
  10 trolls
  A wind drake (shapeshifter) (Vaults:1)
  A troll (shapeshifter) (D:14)
  13 hornets
  The ghost of wintastic the Cleaver, an amateur HOSk of Okawaru (D:5)
  25 jumping spiders
  3 tengu conjurers
  3 tarantella zombies (Spider:4)
  2 polar bears
  8 tyrant leeches
  26 blink frogs
  9 bog bodies
  30 slime creatures
  5 spectral jumping spiders (Spider:4)
  3 spectral tarantellas (Spider:4)
  3 jumping spider zombies (Spider:4)
  A slime creature (shapeshifter) (Vaults:1)
  2 hippogriffs (shapeshifter)
  12 hippogriffs
  36 tarantellas
  2 shadows
  3 wyverns
  54 redbacks
  2 water elementals (Depths:1)
  2 tarantellas (shapeshifter) (Vaults:3)
  54 yaks
  2 fire elementals
  12 wraiths
  3 hogs (D:7)
  5 basilisks (Lair:6)
  A human (D:7)
  2 steam dragons
  3 hungry ghosts
  31 vampire mosquitoes
  A neqoxec (Depths:3)
  3 wargs
  4 hell hounds
  11 insubstantial wisps
  9 water moccasins
  12 swamp worms
  An acid dragon (D:15)
  A floating eye (shapeshifter) (Depths:3)
  5 porcupines
  2 spectral hornets (Spider:4)
  A black bear (D:6)
  18 swamp drakes
  A black bear (shapeshifter) (Vaults:1)
  4 sky beasts
  An ice beast (D:7)
  52 orc warriors
  2 eyes of draining (D:11)
  A hornet zombie (Spider:4)
  28 ogres
  2 necrophages
  31 centaurs
  8 boggarts
  6 wolves
  An elf simulacrum (Vaults:1)
  The ghost of p0werm0de the Vexing, an amateur OpAM (D:4)
  10 crocodiles
  23 bullfrogs
  An elf zombie (Ossuary)
  5 big kobolds
  A wyvern zombie (D:6)
  A gnoll sergeant (D:7)
  A wyvern skeleton (D:14)
  12 killer bees
  3 electric eels
  16 wights
  A howler monkey (D:14)
  9 crimson imps
  5 lava snakes (Lair:6)
  2 bullfrog zombies
  3 centaur zombies
  2 quasits
  17 orc wizards
  11 hounds
  9 jellies
  7 centaur skeletons
  A human zombie (Ossuary)
  14 orc priests
  5 bullfrog skeletons
  8 iguanas
  An iron imp (Depths:3)
  2 hell rats (D:7)
  11 worker ants
  A killer bee zombie (D:7)
  2 big kobold zombies (Ossuary)
  A hound zombie (Ossuary)
  4 mummies (Ossuary)
  A howler monkey zombie (D:9)
  Robin (D:4)
  15 gnolls
  12 adders
  2 river rats (D:7)
  4 shadow imps
  6 white imps (IceCv)
  4 ufetubi (IceCv)
  An ooze (D:1)
  An adder zombie (Ossuary)
  2 worms (D:2)
  2 dart slugs
  6 leopard geckos
  87 orcs
  8 bats
  16 giant cockroaches
  8 hobgoblins
  4 jackals
  26 kobolds
  7 quokkas
  4 ball pythons
  5 frilled lizards
  15 goblins
  2 goblin zombies (Ossuary)
  2 hobgoblin zombies (Ossuary)
  A jackal zombie (D:7)
  An orc zombie (Ossuary)
  2 quokka skeletons
  A quokka zombie (D:5)
  15 rats
  A rat zombie (Ossuary)
  2 briar patches
  A butterfly (Lair:5)
1769 creatures vanquished.

Vanquished Creatures (others)
  A wolf spider (Spider:4)
  A cyclops (D:15)
  3 yaktaurs (Depths:1)
  5 dream sheep (D:7)
  A redback (Spider:4)
  A swamp drake (Swamp:4)
  3 white imps (IceCv)
  4 ufetubi (IceCv)
  3 orcs
  A briar patch (Swamp:4)
  A fungus (Lair:6)
  8 plants
32 creatures vanquished.

Grand Total: 1801 creatures vanquished

Notes
Turn   | Place    | Note
-------+----------+-------------------------------------------
     0 | D:1      | mortelune the Gargoyle Fighter began the quest for the Orb.
     0 | D:1      | Reached XP level 1. HP: 14/14 MP: 1/1
    59 | D:1      | Reached XP level 2. HP: 17/19 MP: 2/2
   610 | D:1      | Reached XP level 3. HP: 24/24 MP: 3/3
  1232 | D:2      | Found a shattered altar of Ashenzari.
  1404 | D:2      | Reached XP level 4. HP: 29/29 MP: 4/4
  1427 | D:2      | Found an iron altar of Okawaru.
  1464 | D:2      | Became a worshipper of Warmaster Okawaru
  1924 | D:3      | Found a faded altar of an unknown god.
  2332 | D:3      | Reached XP level 5. HP: 31/33 MP: 5/5
  2828 | D:4      | Reached XP level 6. HP: 36/39 MP: 6/6
  2907 | D:4      | Noticed Robin
  2915 | D:4      | Killed Robin
  3005 | D:4      | Reached * piety under Okawaru
  3005 | D:4      | Reached skill level 5 in Maces & Flails
  3101 | D:4      | Reached skill level 5 in Fighting
  3101 | D:4      | Reached XP level 7. HP: 36/44 MP: 3/7
  3181 | D:4      | Found Pylius's General Store.
  3184 | D:4      | Bought a scroll of enchant weapon for 97 gold pieces
  3294 | D:4      | Found a shimmering altar of Xom.
  3475 | D:4      | Noticed p0werm0de's ghost (amateur OpAM)
  3481 | D:4      | Killed p0werm0de's ghost
  3481 | D:4      | Reached skill level 5 in Armour
  3909 | D:5      | Entered Level 5 of the Dungeon
  4001 | D:5      | Noticed wintastic's ghost (amateur HOSk)
  4021 | D:5      | Killed wintastic's ghost
  4021 | D:5      | Reached ** piety under Okawaru
  4021 | D:5      | Reached XP level 8. HP: 21/51 MP: 4/8
  4318 | D:5      | Found a sand-covered staircase.
  4328 | Ossuary  | Entered an ossuary
  4413 | Ossuary  | Reached skill level 1 in Invocations
  5128 | D:6      | Found an ancient bone altar of Kikubaaqudgha.
  5313 | D:6      | Found a staircase to the Ecumenical Temple.
  5817 | D:6      | Found a basalt altar of Yredelemnul.
  5966 | D:6      | Reached XP level 9. HP: 40/56 MP: 6/11
  6423 | D:7      | Found an opulent altar of Gozag.
  6481 | D:7      | Reached *** piety under Okawaru
  7196 | D:7      | Reached **** piety under Okawaru
  7196 | D:7      | Reached XP level 10. HP: 41/64 MP: 10/13
  7350 | D:7      | Found Nuryqec's Antique Armour Shoppe.
  7361 | D:7      | Bought a runed scarf for 216 gold pieces
  7382 | D:7      | Found a shimmering altar of Xom.
  7494 | D:7      | Reached skill level 5 in Invocations
  7724 | D:8      | Found a staircase to the Lair.
  7724 | D:8      | Noticed a death yak
  7727 | D:8      | Noticed a death yak
  7727 | D:8      | Noticed a death yak
  7763 | D:7      | Killed a death yak
  7763 | D:7      | Reached skill level 10 in Maces & Flails
  7910 | D:7      | Killed a death yak
  7910 | D:7      | Reached ***** piety under Okawaru
  7958 | D:7      | Killed a death yak
  8128 | D:8      | Found Somolyij's Weapon Boutique.
  8426 | D:8      | Found an ornate altar of the Wu Jian Council.
  8460 | D:8      | Noticed a two-headed ogre
  8475 | D:8      | Killed a two-headed ogre
  8481 | D:8      | Reached XP level 11. HP: 71/71 MP: 8/15
  8486 | D:8      | Found an iron altar of Okawaru.
  8498 | D:8      | Received a gift from Okawaru
  9451 | D:9      | Found a shadowy altar of Dithmenos.
  9596 | D:9      | Noticed a two-headed ogre
  9605 | D:9      | Killed a two-headed ogre
  9720 | D:9      | Found Yrhenuel's Antique Armour Emporium.
 10258 | D:9      | Noticed a two-headed ogre
 10264 | D:9      | Killed a two-headed ogre
 10344 | D:10     | Entered Level 10 of the Dungeon
 10353 | D:10     | Noticed a two-headed ogre
 10376 | D:9      | Killed a two-headed ogre
 10562 | D:9      | Reached skill level 10 in Fighting
 10693 | D:10     | Received a gift from Okawaru
 10725 | D:10     | Reached skill level 10 in Armour
 10743 | D:10     | Noticed an unseen horror
 10762 | D:10     | Killed an unseen horror
 10993 | D:10     | Noticed a manticore
 10999 | D:10     | Killed a manticore
 11127 | D:10     | Found a staircase to the Orcish Mines.
 11308 | D:11     | Noticed a skeletal warrior
 11314 | D:11     | Reached XP level 12. HP: 78/78 MP: 16/18
 11906 | Lair:1   | Entered Level 1 of the Lair of Beasts
 12311 | Lair:1   | Noticed a four-headed hydra
 12325 | Lair:1   | Killed a four-headed hydra
 13170 | Lair:2   | Noticed Sonja
 13186 | Lair:2   | Killed Sonja
 13202 | Lair:2   | Reached skill level 5 in Shields
 13451 | Lair:2   | Found a staircase to the Swamp.
 14066 | Lair:3   | Received a gift from Okawaru
 14097 | Lair:3   | Reached XP level 13. HP: 72/85 MP: 19/19
 14143 | Lair:3   | Found a hole to the Spider Nest.
 14365 | Lair:3   | Identified a scroll of acquirement
 14976 | Lair:3   | Identified the Handbook of Megalomania
 15630 | Lair:4   | Received a gift from Okawaru
 16438 | Lair:5   | Found a runed door.
 16439 | Lair:5   | Found a viscous altar of Jiyva.
 16439 | Lair:5   | Noticed an acid blob
 16442 | Lair:5   | Noticed an acid blob
 16443 | Lair:5   | Found a staircase to the Slime Pits.
 16453 | Lair:5   | Killed an acid blob
 16462 | Lair:5   | Killed an acid blob
 17227 | Lair:5   | Gained mutation: Your large and strong wings let you fly indefinitely. [Gargoyle growth]
 17227 | Lair:5   | Reached XP level 14. HP: 80/92 MP: 17/20
 17340 | Lair:6   | Entered Level 6 of the Lair of Beasts
 17626 | Lair:5   | Reached ****** piety under Okawaru
 18015 | Lair:6   | Noticed Snorg
 18032 | Lair:6   | Killed Snorg
 18382 | Lair:6   | Received a gift from Okawaru
 18385 | Lair:6   | Got a crude demon whip {god gift}
 18386 | Lair:6   | Identified the +3 demon whip of Slime {freeze, rN+ Dex+4 Stlth-} (Okawaru gifted it to you on level 6 of the Lair of Beasts)
 18867 | Lair:6   | Found a large runed door.
 18867 | Lair:6   | Found a large runed door.
 19290 | Lair:6   | Received a gift from Okawaru
 19551 | Lair:6   | Reached skill level 10 in Shields
 20055 | Orc:1    | Entered Level 1 of the Orcish Mines
 20667 | Orc:2    | Entered Level 2 of the Orcish Mines
 20674 | Orc:2    | Noticed Josephine
 20806 | Orc:2    | Killed Josephine
 21296 | Orc:2    | Found Inwuta's Book Shop.
 21297 | Orc:2    | Found Exeheif's Assorted Antiques.
 21297 | Orc:2    | Found Detapoob's Food Boutique.
 21317 | Orc:2    | Found Sataoruat's Food Shoppe.
 21328 | Orc:2    | Bought a book of Minor Magic for 260 gold pieces
 21331 | Orc:2    | Learned a level 2 spell: Blink
 21490 | Orc:2    | Found a staircase to the Elven Halls.
 21657 | Orc:2    | Reached XP level 15. HP: 100/100 MP: 21/21
 23032 | D:12     | Noticed Vidiiot's ghost (novice GnGl)
 23039 | D:12     | Killed Vidiiot's ghost
 23272 | D:12     | Found a portal to a secret trove of treasure.
 23733 | D:13     | Received a gift from Okawaru
 23906 | D:13     | Found a sacrificial altar of Ru.
 24709 | D:14     | Found a gate to the Vaults.
 24731 | D:14     | Received a gift from Okawaru
 24803 | D:14     | Reached skill level 15 in Maces & Flails
 25013 | D:14     | Found a corrupted altar of Lugonu.
 25087 | D:14     | Noticed Rupert
 25099 | D:14     | Paralysed by Rupert for 5 turns
 25119 | D:14     | Killed Rupert
 25270 | D:14     | Received a gift from Okawaru
 25282 | D:14     | Got a transparent dire flail {god gift}
 25283 | D:14     | Identified the +2 dire flail "Goblinbane" {freeze, rElec Str+4} (Okawaru gifted it to you on level 14 of the Dungeon)
 25607 | D:14     | Reached skill level 15 in Fighting
 25666 | D:15     | Entered Level 15 of the Dungeon
 25690 | D:15     | Reached XP level 16. HP: 85/108 MP: 18/22
 25694 | D:15     | Reached skill level 15 in Armour
 25769 | D:15     | Noticed Roxanne
 25973 | D:15     | Received a gift from Okawaru
 26333 | D:15     | Found Peugg's Weapon Boutique.
 26351 | D:15     | Paralysed by an ogre mage for 5 turns
 26570 | D:15     | Got an uncursed bloodstained morningstar {drain}
 26571 | D:15     | Identified the +9 morningstar of Insomnia {drain, Str+4} (You took it off a tengu warrior on level 15 of the Dungeon)
 26719 | D:15     | Received a gift from Okawaru
 26732 | D:15     | Got a faintly humming shield {god gift}
 26744 | D:15     | Identified the +2 shield of Siacuxzy {*Corrode rC+ MR+ Int+4} (Okawaru gifted it to you on level 15 of the Dungeon)
 27084 | D:15     | Found a staircase to the Depths.
 27176 | D:15     | Noticed Agnes
 27188 | D:15     | Killed Agnes
 27392 | D:15     | Killed Roxanne
 27710 | Swamp:1  | Entered Level 1 of the Swamp
 28254 | Swamp:1  | Noticed Donald
 28272 | Swamp:1  | Killed Donald
 28644 | Swamp:2  | Reached XP level 17. HP: 115/115 MP: 23/23
 28724 | Swamp:2  | Received a gift from Okawaru
 30198 | Swamp:4  | Entered Level 4 of the Swamp
 30291 | Swamp:4  | Received a gift from Okawaru
 30321 | Swamp:4  | Found a frozen archway.
 30338 | IceCv    | Entered an ice cave
 30679 | IceCv    | Identified Conia's Disquisition on Creation and Fire
 31218 | Swamp:4  | Got a decaying rune of Zot
 31357 | Swamp:4  | Received a gift from Okawaru
 32170 | Spider:1 | Entered Level 1 of the Spider Nest
 32204 | Spider:1 | Reached XP level 18. HP: 101/122 MP: 22/24
 32966 | Spider:2 | Received a gift from Okawaru
 32969 | Spider:2 | Got an encrusted cloak {god gift}
 32995 | Spider:2 | Identified the +2 cloak of Compassion {+Inv rC+ Dex-5 Stlth+} (Okawaru gifted it to you on level 2 of the Spider Nest)
 33234 | Spider:2 | Reached skill level 1 in Spellcasting
 33234 | Spider:2 | Reached skill level 1 in Translocations
 33283 | Spider:2 | Reached skill level 1 in Evocations
 34734 | Spider:4 | Entered Level 4 of the Spider Nest
 34806 | Spider:4 | Received a gift from Okawaru
 35268 | Spider:4 | Got a faintly humming chain mail
 35269 | Spider:4 | Identified the +2 chain mail of Sog Fuif {MR+} (You found it on level 4 of the Spider Nest)
 35709 | Spider:4 | Reached XP level 19. HP: 117/128 MP: 0/25
 36248 | Spider:4 | Received a gift from Okawaru
 36414 | Spider:4 | Got a steaming plate armour {god gift}
 36425 | Spider:4 | Identified the +9 plate armour "Zizuxkewk" {MR+} (Okawaru gifted it to you on level 4 of the Spider Nest)
 36446 | Spider:4 | Got a gossamer rune of Zot
 36778 | D:7      | Bought shiny gold dragon scales for 2241 gold pieces
 37072 | D:12     | You paid a toll of +2 gold dragon scales to enter a treasure trove
 37073 | Trove    | Entered a treasure trove
 37098 | Trove    | Got a wavering pewter ring
 37100 | Trove    | Got a scintillating brass ring
 37103 | Trove    | Identified the ring of Law {+Fly rF+ AC+3 Stlth+} (You found it in a treasure trove)
 37105 | Trove    | Identified the ring "Ocaevas" {+Inv EV+4 SInv} (You found it in a treasure trove)
 37134 | Trove    | Got a crude bronze ring
 37139 | Trove    | Identified the ring "Nyicox" {rF+ MR- Dex+3 Stlth+} (You found it in a treasure trove)
 37148 | Trove    | Got a sparkling brass ring
 37150 | Trove    | Got a scorched copper ring
 37157 | Trove    | Identified the ring "Baschis" {rPois rC+} (You found it in a treasure trove)
 37159 | Trove    | Identified the ring "Fapsoahu" {Wiz rPois rF+ rC-} (You found it in a treasure trove)
 37249 | Vaults:1 | Entered Level 1 of the Vaults
 37310 | Vaults:1 | Noticed Aizul
 37329 | Vaults:1 | Killed Aizul
 37733 | Vaults:1 | Reached skill level 5 in Spellcasting
 37747 | Vaults:1 | Reached skill level 15 in Shields
 37762 | Vaults:1 | Reached skill level 5 in Evocations
 37879 | Vaults:1 | Reached skill level 5 in Translocations
 38531 | Vaults:1 | Received a gift from Okawaru
 39100 | Vaults:1 | Reached XP level 20. HP: 125/136 MP: 29/29
 39506 | Vaults:2 | Received a gift from Okawaru
 40326 | Vaults:2 | Received a gift from Okawaru
 40774 | Vaults:2 | Found a staircase to the Crypt.
 41347 | Vaults:3 | Found the +8 glaive of the Guard {elec, +Rage AC+5 SInv}
 41361 | Vaults:3 | Received a gift from Okawaru
 41583 | Vaults:3 | Received a gift from Okawaru
 41740 | Vaults:3 | Reached XP level 21. HP: 73/142 MP: 27/32
 42969 | Vaults:3 | Got a shimmering buckler
 42980 | Vaults:3 | Identified the cursed +0 buckler of the Spider Nest {+Fly Stlth+} (You found it on level 3 of the Vaults)
 43294 | Vaults:4 | Reached skill level 1 in Dodging
 43478 | Vaults:4 | HP: 7/142 [orc warlord/dire flail (23)]
 44109 | Vaults:4 | Received a gift from Okawaru
 44529 | Vaults:4 | Noticed Frederick
 44548 | Vaults:4 | Killed Frederick
 44880 | Vaults:4 | Noticed Xtahua
 44893 | Vaults:4 | Killed Xtahua
 45553 | Vaults:4 | Found Murawn's Assorted Antiques.
 45565 | Vaults:4 | Bought an embroidered scarf for 232 gold pieces
 46261 | D:15     | Found Peugg's Weapon Boutique.
 46373 | D:15     | Found a staircase to the Depths.
 46674 | Depths:1 | Entered Level 1 of the Depths
 46683 | D:15     | Reached XP level 22. HP: 143/148 MP: 33/33
 46709 | D:15     | Received a gift from Okawaru
 46734 | D:15     | Got an ivory morningstar {god gift}
 46735 | D:15     | Identified the +7 morningstar "Diysm" {drain, Fragile rF++} (Okawaru gifted it to you on level 15 of the Dungeon)
 47865 | Depths:1 | Found a gateway to Hell.
 47922 | Depths:1 | Received a gift from Okawaru
 48117 | Depths:1 | Got a faintly glowing copper ring
 48125 | Depths:1 | Identified the ring of Nen Racadi {Wiz Dex+4 SInv} (You found it on level 1 of the Depths)
 48914 | Depths:1 | Reached skill level 5 in Dodging
 48979 | Depths:1 | Gained mutation: You are dopey. (Int -2) [a shining eye]
 48988 | Depths:1 | Identified the Grimoire of Toxins and Lightness
 49546 | Depths:1 | Reached skill level 10 in Evocations
 49952 | Depths:2 | Reached XP level 23. HP: 133/155 MP: 22/34
 49993 | Depths:2 | Received a gift from Okawaru
 50088 | Depths:2 | Paralysed by a lich for 7 turns
 50812 | Depths:2 | Identified the Tome of Floating Poisoning
 50979 | Depths:3 | Gained mutation: Your spells are a little easier to cast, but a little less powerful. [a neqoxec]
 51008 | Depths:3 | Found a gateway to a ziggurat.
 51059 | Depths:3 | Killed from afar by a deep troll earth mage

Vault maps used:
D:1:      evilmike_arrival_crescent, minmay_nonomino_d4
D:2:      lemuel_doored_altar, lemuel_tele_altar
D:3:      minmay_roachtagon, chequers_ecumenical_altar_simple, hex_medium,
          kennysheep_generic_room_15
D:4:      nicolae_overflow_crystal_walls, serial_shops, kennysheep_mini,
          uniq_robin
D:5:      first_bread, lightli_ossuary_entry_decrepit_ruins
D:6:      kiku_gazebo_garden_becter, yredelemnul_altar_generic,
          minmay_temple_entry_overgrown
D:7:      overflow_temple_1_default, serial_shops, shop, grunt_livestock,
          kb_xom_exploding_sheep
D:8:      kennysheep_little_box, dpeg_lair_monsters, serial_shops, shop,
          okawaru_metal_pillars_1_2
D:9:      serial_shops, shop, nicolae_dithmenos_the_darkroom
D:10:     orc_0_dummy
D:12:     enter_trove_1, kennysheep_big_empty_room
D:13:     basic_altar, nicolae_two_hexagons, hangedman_abyss_or_decor_slice,
          grunt_ministairs_14
D:14:     lightli_vaults_fourway_checkpoint, minivault_27, tgw_lugonu_bribe,
          uniq_rupert
D:15:     grunt_enter_depths_hoard, hangedman_decor_lopped, serial_shops, shop,
          fountainhead, uniq_agnes, uniq_roxanne
Lair:1:   grunt_megastairs_2, lemuel_fruit_tree
Lair:2:   swamp_mist_pool, uniq_sonja
Lair:3:   spider_nest_entry_webs, minmay_lair_oklob_chamber
Lair:5:   slime_altar_2, lemuel_fruit_fields
Lair:6:   cheibrodos_lair_end_hotspot, special_room,
          nicolae_quartered_pool_little, uniq_snorg
Swamp:1:  evilmike_swamp_ruin_house_6, uniq_donald
Swamp:2:  serial_swamp_ruin, evilmike_swamp_ruin_rubble_2,
          evilmike_swamp_ruin_house_4, evilmike_swamp_ruin_house_2, swamp_pool1
Swamp:3:  hangedman_swamp_ruin_hall, swamp_pool3, kb_tengu_band,
          infiniplex_staircase_pool
Swamp:4:  swamp_basic_johnstein, portal_ice_cave_entry_pillars_four,
          hangedman_swamp_lotus, swamp_pool3
Spider:1: spider_trap, hangedman_spider_mandibles
Spider:4: floodkiller_spider_rune_tomb
Orc:1:    nicolae_orc_flooded_monolith
Orc:2:    st_orc_rangers, special_room, uniq_josephine
Vaults:1: vaults_standard_mumra_lines, ontoclasm_vaults_idyll, v_pattern_3,
          hangedman_vaults_nails, vaults_mumra_hex, nicolae_vaults_theta,
          ontoclasm_vaults_ring_small, vaults_dpeg_encased_lava, v_misc_1,
          v_misc_22, ontoclasm_vaults_twist, ontoclasm_vaults_loading_screen,
          grunt_vaults_funnel, uniq_aizul
Vaults:2: v_rooms_1, minmay_crypt_entry_simple_corners, vaults_room_corners,
          v_misc_13, hangedman_vaults_nails, vaults_room_stairs_pillars,
          nicolae_vaults_ninety_degrees, ontoclasm_vaults_pinch, v_misc_8,
          vaults_dpeg_ring, hangedman_vaults_maws, nicolae_vaults_rhombus_7
Vaults:3: ontoclasm_vaults_eye, hangedman_vaults_stream, ontoclasm_vaults_idyll,
          minmay_guarded_unrand_guard_vaults, v_pattern_1,
          vaults_room_stairs_pillars, hangedman_vaults_snaps, v_misc_4,
          v_misc_24, vaults_room_pool, ontoclasm_vaults_fault, v_rooms_3,
          vaults_room_fancy_cross, vaults_room_stairs_pillars,
          nicolae_vaults_asterisk, vaults_room_pool
Vaults:4: st_greater_box_1, ontoclasm_vaults_decontamination,
          ontoclasm_vaults_idyll, ontoclasm_vaults_chip, serial_shops,
          nicolae_shop_waterfront, uniq_frederick, uniq_xtahua
Depths:1: minmay_the_grid_triangle_9x9_rhombus_thin_mashed,
          nicolae_water_bricks, hell_entry, patterned_corridor
Depths:2: cheibrodos_lost_city_excavation, grunt_hell_entry_dis_grunt,
          minmay_staircase_windowed_large
Depths:3: constructs_gauntlet_mu_hangedman, enter_ziggurat_a, glass_columns_b,
          serial_shops, nicolae_shop_stone, nicolae_shop_crystal,
          pf_hell_entry_tar_river, grunt_pan_entry_spiral,
          infiniplex_staircase_pool_lava, serial_bayou_shore_b
Trove:    trove_jewel_2
Ossuary:  ossuary_minmay_tomb_2a
IceCv:    ice_cave_small_demon

Skill      XL: |  1  2  3  4  5  6  7  8  9 10 11 12 13 14 15 16 17 18 19 20 21 22 23 |
---------------+----------------------------------------------------------------------+-----
Maces & Flails | 3 4 5 6 8 9 10 12 13 14 15 16 17 18 19 | 19.0
Fighting       | 4 5 6 7 9 10 11 12 14 15 16 17 18 19 | 19.5
Armour         | 4 5 6 7 8 10 11 12 14 15 16 17 18 19 | 19.5
Invocations    | 2 4 6 8 |  8.0
Shields        | 5 8 10 11 12 13 14 15 16 17 18 | 18.0
Spellcasting   | 4 6 7 |  7.9
Translocations | 3 5 7 |  7.8
Evocations     | 3 6 7 9 10 | 10.3
Dodging        | 3 5 |  5.9

Action                   |  1- 3 |  4- 6 |  7- 9 | 10-12 | 13-15 | 16-18 | 19-21 | 22-24 || total
-------------------------+-------+-------+-------+-------+-------+-------+-------+-------++-------
Melee: Flail             |   182 |   304 |   471 |   825 |       |       |       |       ||  1782
       Unarmed           |       |       |    12 |       |       |       |       |       ||    12
       Morningstar       |       |       |       |    12 |   428 |  1301 |  1647 |   747 ||  4135
       Demon whip        |       |       |       |       |   973 |   214 |       |       ||  1187
       War axe           |       |       |       |       |    22 |     3 |       |       ||    25
Invok: Heroism           |       |     1 |    10 |    13 |     9 |     8 |    10 |     8 ||    59
       Finesse           |       |       |       |     6 |    10 |    10 |    13 |     7 ||    46
 Abil: Evoke Invisibilit |       |       |       |       |       |     1 |     2 |       ||     3
Evoke: Phantom mirror    |       |       |       |       |       |       |       |     1 ||     1
  Use: Scroll            |       |     9 |    11 |     6 |     9 |    10 |     9 |     4 ||    58
       Potion            |       |       |     2 |     1 |     2 |     1 |     4 |     1 ||    11
 Stab: Confused          |       |       |       |       |       |     3 |       |     1 ||     4
       Invisible         |       |       |       |       |       |     1 |     7 |       ||     8
       Distracted        |       |       |       |       |       |       |     1 |       ||     1
  Eat: Chunk             |     2 |     6 |     9 |    19 |    35 |    23 |    28 |    11 ||   133
       Bread ration      |       |       |     1 |     1 |       |       |     1 |       ||     3
       Fruit             |       |       |       |       |     1 |       |       |     1 ||     2
       Royal jelly       |       |       |       |       |     2 |     3 |     1 |       ||     6
       Meat ration       |       |       |       |       |       |     1 |       |     1 ||     2
Armor: Scale mail        |    25 |       |       |       |       |       |       |       ||    25
       Plate armour      |   117 |   228 |   415 |   613 |   759 |  1182 |  1087 |   651 ||  5052
       Skin              |       |       |     1 |       |       |       |       |       ||     1
Dodge: Dodged            |    30 |    58 |   148 |   189 |   304 |   472 |   457 |   290 ||  1948
       Deflected         |       |       |       |     2 |    53 |     7 |       |       ||    62
Block: Shield            |   110 |   165 |   341 |   442 |   778 |  1323 |  1378 |   529 ||  5066
       Reflection        |       |       |       |       |       |     6 |       |    27 ||    33
       Large shield      |       |       |       |       |       |       |       |   342 ||   342

Table legend:
 A = Spawn XP
 B = Non-spawn XP
 C = Spawn XP percentage of total XP
 D = Spawn monster count
 E = Non-spawn monster count
 F = Spawn count percentage of total count
 G = Total turns spent on level
                    A         B        C        D         E        F      G
               +---------+---------+-------+---------+---------+-------+---------
         Total |       0 |  741922 |   0.0 |       0 |    1773 |   0.0 | 51059
               +---------+---------+-------+---------+---------+-------+---------
           D:1 |       0 |      48 |   0.0 |       0 |      27 |   0.0 |  1035
           D:2 |       0 |      64 |   0.0 |       0 |      28 |   0.0 |   873
           D:3 |       0 |     176 |   0.0 |       0 |      32 |   0.0 |   901
           D:4 |       0 |     730 |   0.0 |       0 |      31 |   0.0 |  1100
           D:5 |       0 |     473 |   0.0 |       0 |       9 |   0.0 |   837
           D:6 |       0 |     917 |   0.0 |       0 |      18 |   0.0 |  1374
           D:7 |       0 |    5073 |   0.0 |       0 |      52 |   0.0 |  1850
           D:8 |       0 |    2217 |   0.0 |       0 |      25 |   0.0 |  1336
           D:9 |       0 |    6008 |   0.0 |       0 |      39 |   0.0 |  1405
          D:10 |       0 |    2457 |   0.0 |       0 |      17 |   0.0 |  1136
          D:11 |       0 |    7752 |   0.0 |       0 |      52 |   0.0 |  1071
          D:12 |       0 |    6009 |   0.0 |       0 |      26 |   0.0 |   743
          D:13 |       0 |    8422 |   0.0 |       0 |      37 |   0.0 |  1084
          D:14 |       0 |   23457 |   0.0 |       0 |      72 |   0.0 |  1332
          D:15 |       0 |   51577 |   0.0 |       0 |      90 |   0.0 |  3385
        Lair:1 |       0 |    4674 |   0.0 |       0 |      17 |   0.0 |   919
        Lair:2 |       0 |    2904 |   0.0 |       0 |      13 |   0.0 |  1049
        Lair:3 |       0 |   11911 |   0.0 |       0 |      40 |   0.0 |  1605
        Lair:4 |       0 |    7568 |   0.0 |       0 |      22 |   0.0 |  1149
        Lair:5 |       0 |    9664 |   0.0 |       0 |      18 |   0.0 |  1493
        Lair:6 |       0 |   18448 |   0.0 |       0 |      61 |   0.0 |  2102
       Swamp:1 |       0 |   15392 |   0.0 |       0 |      31 |   0.0 |   945
       Swamp:2 |       0 |   16323 |   0.0 |       0 |      42 |   0.0 |   762
       Swamp:3 |       0 |   11095 |   0.0 |       0 |      28 |   0.0 |   849
       Swamp:4 |       0 |   27091 |   0.0 |       0 |      59 |   0.0 |  1372
      Spider:1 |       0 |   10612 |   0.0 |       0 |      35 |   0.0 |   829
      Spider:2 |       0 |   11439 |   0.0 |       0 |      24 |   0.0 |   970
      Spider:3 |       0 |   29298 |   0.0 |       0 |      62 |   0.0 |   820
      Spider:4 |       0 |   44166 |   0.0 |       0 |      99 |   0.0 |  1823
         Orc:1 |       0 |    6541 |   0.0 |       0 |      51 |   0.0 |  1156
         Orc:2 |       0 |    4557 |   0.0 |       0 |      37 |   0.0 |   782
      Vaults:1 |       0 |   65850 |   0.0 |       0 |     124 |   0.0 |  2194
      Vaults:2 |       0 |   43313 |   0.0 |       0 |      70 |   0.0 |  1709
      Vaults:3 |       0 |   64935 |   0.0 |       0 |     102 |   0.0 |  2158
      Vaults:4 |       0 |   81734 |   0.0 |       0 |      86 |   0.0 |  2659
      Depths:1 |       0 |   78789 |   0.0 |       0 |      89 |   0.0 |  2106
      Depths:2 |       0 |   45392 |   0.0 |       0 |      50 |   0.0 |  1186
      Depths:3 |       0 |    7875 |   0.0 |       0 |      15 |   0.0 |   126
       Ossuary |       0 |     295 |   0.0 |       0 |      16 |   0.0 |   232
         IceCv |       0 |    6676 |   0.0 |       0 |      27 |   0.0 |   492
               +---------+---------+-------+---------+---------+-------+---------
